 Dungeon Crawl Stone Soup version 0.27-a0-95-g5a9077b8ae (webtiles) character file.

Game seed: 12257972521293572059

5364 timneilson the Blocker (level 10, -7/61 HPs)
             Began as a Gargoyle Fighter on Jan 17, 2021.
             Was a High Priest of Okawaru.
             Mangled by an orc knight
             ... wielding a +0 war axe
              (12 damage)
             ... in a bailey.
             The game lasted 00:14:25 (6750 turns).

timneilson the Blocker (Gargoyle Fighter)           Turns: 6750, Time: 00:14:26

Health: -7/61      AC: 26    Str: 22    XL:     10   Next: 65%
Magic:  13/13      EV: 12    Int: 10    God:    Okawaru [*****.]
Gold:   397        SH: 19    Dex:  9    Spells: 9/9 levels left

rFire    x . .     SeeInvis +   F - +1 long sword (freeze)
rCold    + + .     Faith    .   c - +1 kite shield
rNeg     + + .     Spirit   .   q - +0 ice dragon scales
rPois    ∞         Reflect  +   s - +1 helmet
rElec    +         Harm     .   D - +0 cloak
rCorr    .         Rampage  .   (no gloves)
Will     .....                  (no boots)
Stlth    +.........             E - amulet of reflection
HPRegen  0.20/turn              u - ring of positive energy
MPRegen  0.13/turn              x - ring of see invisible

@: heroism
A: negative energy resistance 1, electricity resistance, unbreathing,
petrification resistance, miasma immunity, AC +7
a: Renounce Religion, Heroism, Finesse


You were in a bailey.
You worshipped Okawaru.
Okawaru was extremely pleased with you.
You visited 2 branches of the dungeon, and saw 10 of its levels.
You also visited: Bailey.

You collected 397 gold pieces.

Inventory:

Hand Weapons
 a - a +1 long sword
 F - a +1 long sword of freezing (weapon)
Armour
 c - a +1 kite shield (worn)
 q - +0 ice dragon scales (worn)
 s - a +1 helmet (worn)
 D - a +0 cloak (worn)
Jewellery
 e - an uncursed amulet of regeneration
 u - a ring of positive energy (left hand)
 w - an uncursed ring of positive energy
 x - a ring of see invisible (right hand)
 E - an amulet of reflection (around neck)
Wands
 i - a wand of disintegration (27)
 B - a wand of polymorph (7)
 G - a wand of random effects (14)
 I - a wand of flame (6)
Scrolls
 f - 6 scrolls of remove curse
 k - 3 scrolls of teleportation
 l - 2 scrolls of amnesia
 y - 2 scrolls of fear
 z - a scroll of enchant armour
 C - a scroll of enchant weapon
Potions
 b - 2 potions of magic
 d - 2 potions of might
 g - a potion of lignification {unknown}
 h - a potion of haste {unknown}
 j - 3 potions of heal wounds
 m - a potion of brilliance {unknown}
 n - a potion of ambrosia {unknown}
 o - 8 potions of curing
 p - a potion of flight {unknown}
 r - a potion of experience {unknown}
 v - a potion of cancellation {unknown}
 A - a potion of berserk rage {unknown}
 H - a potion of attraction {unknown}
 J - a potion of invisibility {unknown}


   Skills:
 + Level 6.7(11.7) Fighting
 * Level 7.2(12.2) Long Blades
 * Level 9.0(14.0) Armour
 * Level 9.0(14.0) Shields
 + Level 4.7 Invocations
 + Level 3.7 Evocations


You had 9 spell levels left.
You didn't know any spells.
Your spell library contained the following spells:

 Spells                   Type           Power        Failure   Level
 Summon Small Mammal      Summ           0%           69%         1
 Call Imp                 Summ           0%           83%         2
 Call Canine Familiar     Summ           0%           96%         3
 Summon Guardian Golem    Hex/Summ       0%           96%         3
 Summon Ice Beast         Ice/Summ       0%           100%        4
 Summon Lightning Spire   Summ/Air       0%           100%        4


Dungeon Overview and Level Annotations

Branches:
Dungeon (9/15)             Temple (1/1) D:5            Lair (0/6) D:9
 Bailey (1/1)
    Orc: D:9-12

Altars:
Ashenzari
Cheibriados
Dithmenos
Elyvilon
Fedhas
Gozag
Hepliaklqana
Kikubaaqudgha
Makhleb
Nemelex Xobeh
Okawaru
Qazlal
Ru
Sif Muna
Trog
Uskayaw
Vehumet
Wu Jian
Xom
Yredelemnul
Zin
The Shining One


Innate Abilities, Weirdness & Mutations

You are resistant to torment.
Your stone body is resilient. (AC +7)
You are immune to poison.
You resist negative energy. (rN+)
You are resistant to electric shocks. (rElec)
You can survive without breathing.
You are immune to petrification.
You are immune to miasma.


Message History

Unknown command.
You hit the goblin but do no damage.
The orc knight hits you with a +0 war axe!
You barely miss the goblin. The goblin hits you but does no damage.
You block the orc knight's attack.
The orc knight hits you with a +0 war axe!!
* * * LOW HITPOINT WARNING * * *
Unknown command.
Okay, then.
The orc knight no longer looks unusually strong.
The orc knight roars a battlecry!
The orc knight goes into a battle-frenzy!
The orc knight no longer looks unusually strong.
There is a gate leading back out of this place here.
The goblin barely misses you.
You riposte.
You slash the goblin! You freeze the goblin.
You kill the goblin!
Okawaru accepts your kill.
The orc knight hits you with a +0 war axe!
You die...

#≈≈≈≈≈# ###≈≈≈≈≈#
#.≈≈≈≈≈≈#
#.≈≈≈≈≈.######
###++#.≈≈≈≈≈......#
.....#.≈≈≈≈≈......###
.....'..............#
..⌠..'.........o@..∩#
.....').......go....#
.....#.≈≈≈≈≈......###
###++#.≈≈≈≈≈......#
#.≈≈≈≈≈.######
#.≈≈≈≈≈≈# ###≈≈≈≈≈#
#≈≈≈≈≈#


You could see 2 orc knights and a gnoll.

Vanquished Creatures
  Harold (D:7)
  Maurice (D:8)
  A hornet (D:7)
  3 ice beasts
  4 orc warriors
  4 black bears
  A phantom (D:8)
  A necrophage (D:8)
  6 centaurs
  2 ogres
  6 bullfrogs
  6 scorpions
  5 wights
  An electric eel (D:7)
  A centaur zombie (D:8)
  6 orc priests
  Crazy Yiuf (D:6)
  3 bullfrog skeletons
  6 hounds
  9 orc wizards
  Jessica (D:2)
  10 worker ants
  A hound zombie (D:6)
  2 howler monkey skeletons
  A worker ant zombie (D:6)
  8 adders
  8 gnolls
  A shadow imp (D:8)
  3 ufetubi
  An adder skeleton (D:6)
  An adder zombie (D:6)
  2 worms
  3 dart slugs
  5 leopard geckos
  39 orcs
  5 giant cockroaches
  15 goblins
  5 hobgoblins
  5 jackals
  9 kobolds
  5 quokkas
  A ball python (D:1)
  9 bats
  5 frilled lizards
  5 rats
218 creatures vanquished.

Vanquished Creatures (others)
  3 fungi (D:9)
  3 plants (D:9)
6 creatures vanquished.

Grand Total: 224 creatures vanquished

Notes
Turn   | Place    | Note
-------+----------+-------------------------------------------
     0 | D:1      | timneilson the Gargoyle Fighter began the quest for the
                  | Orb.
     0 | D:1      | Reached XP level 1. HP: 14/14 MP: 1/1
   221 | D:1      | Reached XP level 2. HP: 16/19 MP: 2/2
   804 | D:2      | Reached XP level 3. HP: 23/23 MP: 3/3
   819 | D:2      | Noticed Jessica
   823 | D:2      | Killed Jessica
   842 | D:2      | Reached XP level 4. HP: 29/29 MP: 4/4
  1086 | D:2      | Found a sparkling altar of Nemelex Xobeh.
  1091 | D:2      | Found a bloodstained altar of Trog.
  1091 | D:2      | Found an ornate altar of the Wu Jian Council.
  1102 | D:2      | Found an ancient bone altar of Kikubaaqudgha.
  1106 | D:2      | Found a glowing golden altar of the Shining One.
  1361 | D:2      | Found a faded altar of an unknown god.
  1825 | D:3      | Reached XP level 5. HP: 33/33 MP: 5/5
  2285 | D:3      | Reached XP level 6. HP: 38/38 MP: 6/6
  2819 | D:4      | Reached skill level 5 in Shields
  2860 | D:4      | Reached skill level 5 in Armour
  3214 | D:4      | Reached XP level 7. HP: 44/44 MP: 7/7
  3446 | D:4      | Found a sparkling altar of Nemelex Xobeh.
  3511 | D:5      | Entered Level 5 of the Dungeon
  3629 | D:5      | Found a staircase to the Ecumenical Temple.
  3638 | Temple   | Entered the Ecumenical Temple
  3784 | Temple   | Became a worshipper of Warmaster Okawaru
  4118 | D:5      | Reached skill level 1 in Invocations
  4472 | D:6      | Reached XP level 8. HP: 48/48 MP: 7/9
  4593 | D:6      | Reached * piety under Okawaru
  4594 | D:6      | Reached skill level 5 in Fighting
  4594 | D:6      | Reached skill level 1 in Evocations
  4930 | D:6      | Found a runed translucent door.
  4931 | D:6      | Noticed Crazy Yiuf
  5104 | D:6      | Killed Crazy Yiuf
  5105 | D:6      | Reached skill level 5 in Long Blades
  5350 | D:7      | Noticed Harold
  5372 | D:7      | Killed Harold
  5372 | D:7      | Reached ** piety under Okawaru
  5372 | D:7      | Reached *** piety under Okawaru
  5373 | D:7      | Reached XP level 9. HP: 36/55 MP: 9/11
  5537 | D:7      | Noticed a hornet
  5556 | D:7      | Killed a hornet
  5607 | D:7      | Reached **** piety under Okawaru
  5872 | D:8      | Reached XP level 10. HP: 45/60 MP: 12/12
  6014 | D:8      | Noticed Maurice
  6036 | D:8      | Killed Maurice
  6198 | D:8      | Found a shimmering altar of Xom.
  6204 | D:8      | Found a shimmering altar of Xom.
  6204 | D:8      | Found a shimmering altar of Xom.
  6209 | D:8      | Found a shimmering altar of Xom.
  6211 | D:8      | Found a shimmering altar of Xom.
  6211 | D:8      | Found a shimmering altar of Xom.
  6213 | D:8      | Found a shimmering altar of Xom.
  6576 | D:9      | Reached ***** piety under Okawaru
  6613 | D:9      | Found a staircase to the Lair.
  6659 | D:9      | Found a flagged portal.
  6711 | Bailey   | Entered a bailey
  6725 | Bailey   | Noticed an orc knight
  6725 | Bailey   | Noticed an orc knight
  6739 | Bailey   | HP: 2/61 [orc knight/+0 war axe (24)]
  6750 | Bailey   | Mangled by an orc knight

Illustrated notes

Levels and vault maps discovered:
D:1:      dpeg_chamrin_arrival_tetris, layout_loops_corners
D:2:      layout_basic, minmay_overflow_temple_star_hex,
          chequers_ecumenical_altar_island, uniq_jessica
D:3:      layout_loops_corners, hangedman_decor_riveting
D:4:      layout_layer_cave, nemelex_lonely_heart_becter
D:5:      layout_gridville, minmay_temple_entry_mini_moons
D:6:      layout_loops_cross, uniq_crazy_yiuf_cottage
D:7:      layout_basic, minmay_misc_feat_cross, lightli_minifort, uniq_harold
D:8:      layout_cave_pools, nicolae_xom_altar_mimics, uniq_maurice
D:9:      layout_loops_cross, grunt_lair_entry_orc_guard_hut, enter_bailey_5,
          uniq_erolcha, uniq_prince_ribbit1
Temple:   eino_temple_scatter_basement
Bailey:   bailey_axe_of_yendor_kennysheep, bailey

Skill      XL: |  1  2  3  4  5  6  7  8  9 10 |
---------------+-------------------------------+-----
Long Blades    | 2 3 4 5 6 7 |  7.2
Armour         | 4 5 6 7 8 9 |  9.0
Shields        | 4 5 6 7 8 9 |  9.0
Fighting       | 4 5 6 |  6.7
Invocations    | 1 3 4 |  4.7
Evocations     | 2 3 |  3.7

Action                   |  1- 3 |  4- 6 |  7- 9 | 10-12 || total
-------------------------+-------+-------+-------+-------++-------
Melee: Long sword        |    80 |   284 |   397 |   292 ||  1053
Invok: Heroism           |       |       |     1 |     5 ||     6
  Use: Scroll            |     3 |     7 |     5 |     2 ||    17
       Potion            |       |     1 |     1 |     2 ||     4
Armor: Scale mail        |    49 |   111 |       |       ||   160
       Ice dragon scales |       |    50 |   251 |   189 ||   490
Dodge: Dodged            |    33 |    76 |   121 |   104 ||   334
Block: Kite shield       |    47 |   180 |   301 |   254 ||   782
       Rpst.: Long sword |    11 |    26 |    30 |    28 ||    95

Table legend: (Time is in decaauts)
 A = Elapsed time spent in this place.
 B = Non-inter-level travel time spent in this place.
 C = Inter-level travel time spent in this place.
 D = Time resting spent in this place.
 E = Time spent auto-exploring this place.
 F = Levels seen in this place.
 G = Mean time per level.
                   A        B        C        D        E       F      G
               +--------+--------+--------+--------+--------+-----+--------+
         Total |   6945 |   6785 |    160 |      0 |   4694 |  11 |  631.4 |
       Dungeon |   6752 |   6623 |    129 |      0 |   4571 |   9 |  750.2 |
        Temple |    156 |    125 |     31 |      0 |    123 |   1 |  156.0 |
        Bailey |     36 |     36 |      0 |      0 |      0 |   1 |   36.0 |
               +--------+--------+--------+--------+--------+-----+--------+

Top non-repeatable levels by time:
     D:2: 1068 daAuts
     D:3: 1048 daAuts
     D:6: 892 daAuts
     D:1: 795 daAuts
     D:4: 723 daAuts
     D:7: 715 daAuts
     D:8: 687 daAuts
     D:5: 638 daAuts
     D:9: 183 daAuts
  Temple: 156 daAuts
  Bailey: 36 daAuts
